 Dungeon Crawl Stone Soup version 0.31.0-11-ge490571c62 (webtiles) character file.

Game seed: 1708162063919802752

7527 jasper the Toxicologist (level 10, -14/64 HPs)
             Began as a Vampire Alchemist on Feb 2, 2024.
             Was a Believer of Vehumet.
             Demolished by an orc knight
             ... wielding a +0 halberd
              (15 damage)
             ... on level 2 of the Orcish Mines.
             The game lasted 00:14:25 (9152 turns).

jasper the Toxicologist (Vampire Alchemist)         Turns: 9152, Time: 00:14:26

Health: -14/64     AC:  4    Str:  7    XL:     10   Next: 95%
Magic:  12/17      EV: 16    Int: 28    God:    Vehumet [**....]
Gold:   574        SH:  0    Dex: 13    Spells: 2/19 levels left

rFire   + . .        j - +2 dagger (vamp)
rCold   + + +        (no shield)
rNeg    + + +        a - +0 robe
rPois   ∞            (no helmet)
rElec   +            d - +0 cloak
rCorr   .            (no gloves)
SInv    +            G - +0 pair of boots
Will    +....        F - amulet of magic regeneration
Stlth   ++++++       v - ring of protection from cold
HPRegen 0.00/turn    g - ring "Qokesaoq" {rElec rF+ Int+6 Dex-2 SInv}
MPRegen 0.55/turn

%: no passive effects
@: bloodless, inhibited regen
A: bloodless, fangs 3, see invisible, vampiric 2
a: Bat Form, Revivify, Renounce Religion


You were on level 2 of the Orcish Mines.
You worshipped Vehumet.
Vehumet was pleased with you.
You visited 3 branches of the dungeon, and saw 13 of its levels.

You collected 574 gold pieces.

Inventory:

Hand Weapons
 c - a +0 dagger of freezing
 e - a +2 dagger of venom
 f - a +2 falchion of electrocution
 j - a +2 vampiric dagger (weapon)
 A - a +2 scimitar of flaming
Missiles
 r - 10 curare-tipped darts
Armour
 a - a +0 robe (worn)
 d - a +0 cloak (worn)
 w - the +0 leather armour of the Cricket {*Slow Will+ MP+9}
   (You found it on level 5 of the Dungeon)

   Will+:     It increases your willpower.
   MP+9:      It affects your magic capacity (+9).
   *Slow:     It may slow you when you take damage.
 C - an orb of mayhem
 E - a +0 troll leather armour
 G - a +0 pair of boots (worn)
Jewellery
 g - the ring "Qokesaoq" (right hand) {rElec rF+ Int+6 Dex-2 SInv}
   (You took it off an orc on level 6 of the Dungeon)

   [ring of intelligence]

   Int+6:     It affects your intelligence (+6).
   Dex-2:     It affects your dexterity (-2).
   rF+:       It protects you from fire.
   rElec:     It insulates you from electricity.
   SInv:      It lets you see invisible.
 i - an amulet of reflection
 v - a ring of protection from cold (left hand)
 B - an amulet of guardian spirit
 F - an amulet of magic regeneration (around neck)
Wands
 l - a wand of flame (66)
 x - a wand of polymorph (9)
Scrolls
 h - 2 scrolls of fog
 q - a scroll of teleportation
 y - a scroll of identify
Potions
 b - 2 potions of magic
 k - 3 potions of lignification
 m - a potion of haste
 n - a potion of resistance
 o - 4 potions of curing
 p - 2 potions of might
 s - 2 potions of degeneration {unknown}
 t - 2 potions of brilliance {unknown}
 u - 2 potions of attraction {unknown}
 z - a potion of cancellation {unknown}
 D - a potion of invisibility {unknown}


   Skills:
 + Level 7.8 Fighting
 + Level 9.7 Dodging
 - Level 10.0 Stealth
 - Level 5.3 Spellcasting
 - Level 0.6 Conjurations
 - Level 10.0 Alchemy


You had 2 spell levels left.
You knew the following spells:

 Your Spells              Type           Power      Damage    Failure   Level
a - Sting                 Conj/Alch      100%       1d9       1%          1
b - Mephitic Cloud        Conj/Alch/Air  27%        N/A       4%          3
c - Olgreb's Toxic Radia  Alch           59%        N/A       1%          4
d - Sticky Flame          Fire/Alch      35%        2d7       9%          4
e - Irradiate             Conj/Alch      18%        3d17      21%         5

Your spell library contained the following spells:

 Spells                   Type           Power      Damage    Failure   Level
 Hailstorm                Conj/Ice       9%         3d6       17%         3
 Mercury Vapours          Alch/Air       70%        N/A       1%          2
 Magic Dart               Conj           40%        1d5       4%          1
 Ensorcelled Hibernation  Hex/Ice        14%        N/A       10%         2
 Call Canine Familiar     Summ           7%         N/A       21%         3
 Inner Flame              Hex/Fire       7%         N/A       21%         3
 Passwall                 Erth           7%         N/A       21%         3
 Sigil of Binding         Hex            7%         N/A       21%         3
 Swiftness                Air            7%         N/A       21%         3
 Brom's Barrelling Bould  Conj/Erth      9%         2d3       50%         4
 Flame Wave               Conj/Fire      9%         2d6       50%         4
 Dimensional Bullseye     Hex/Tloc       3%         N/A       54%         4
 Bombard                  Conj/Erth      4%         9d2       100%        6


Dungeon Overview and Level Annotations

Branches:
Dungeon (10/15)            Temple (1/1) D:4            Lair (0/5) D:8
    Orc (2/2) D:10
    Elf: Orc:2

Altars:
Ashenzari
Cheibriados
Dithmenos
Fedhas
Gozag
Hepliaklqana
Kikubaaqudgha
Makhleb
Nemelex Xobeh
Okawaru
Qazlal
Ru
Sif Muna
Trog
Uskayaw
Vehumet
Wu Jian
Xom
Yredelemnul

Portals:
Ossuary: D:6

Annotations:
D:3 Grinder
D:7 exclusion: 3 wights, Maggie
D:8 2 transporters
D:10 1 runed translucent door


Innate Abilities, Weirdness & Mutations

You do not regenerate when monsters are visible.
You are frail without blood (-20% HP).
You can heal yourself when you bite living creatures.
You are immune to poison.
You have razor-sharp teeth.
You have supernaturally acute eyesight. (SInv)
You are afflicted with vampirism and can become a bat while bloodless.


Message History

Okay, then.
Casting: Mephitic Cloud (dangerous; 4% risk of failure)
Confirm with . or Enter, or press ? or * to list all spells.
Aiming: Mephitic Cloud (dangerous; 4% risk of failure)
Press: ? - help, Shift-Dir - straight line, f/p - orc knight
Aim: an orc knight, wielding a +0 halberd and wearing a +0 chain mail (noxious fumes, heavily wounded, confused, very poisoned, chance to affect: 58%)
The ball explodes into a vile cloud!
The stinking cloud engulfs the orc knight.
The orc knight is heavily wounded.
You hear a shout! x2
The orc warrior misses you.
The orc knight is engulfed in noxious fumes.
Casting: Mephitic Cloud (dangerous; 4% risk of failure)
Confirm with . or Enter, or press ? or * to list all spells.
Aiming: Mephitic Cloud (dangerous; 4% risk of failure)
Press: ? - help, Shift-Dir - straight line, f - orc warrior, p - orc knight
Aim: an orc warrior, wielding a +0 mace of protection and wearing a +0 chain mail (severely wounded, very poisoned, chance to affect: 81%)
The ball explodes into a vile cloud!
The stinking cloud engulfs the orc warrior.
The orc warrior is severely wounded.
The stinking cloud engulfs you.
You hear a shout! x2
The orc warrior is engulfed in noxious fumes.
The orc warrior appears confused.
The orc warrior hits you with a +0 mace of protection!
* * * LOW HITPOINT WARNING * * *
The orc warrior completely misses itself.
The orc knight is engulfed in noxious fumes.
The orc knight appears confused.
Unknown command.
Unknown command.
You hit the orc warrior but do no damage.
The orc warrior is almost dead.
Unknown command.
The orc warrior is engulfed in noxious fumes.
The orc warrior appears confused.
The orc knight is engulfed in noxious fumes.
The orc knight appears confused.
The orc knight hits you with a +0 halberd!
You die...

.## .. ##..
..###.. #...
...#..# .....
......# ....$
###......
#.....#@#......
....).#oh.#
#...).☼.o.#
##....§○..#
##..<$####
#..... #.....
#...## ....#


You could see an orc knight (confused, very poisoned), a warg and an orc warrior
(confused, very poisoned).

Vanquished Creatures
  Erica (D:8)
  Pikel (D:4)
  A deep elf pyromancer (D:9)
  An unseen horror (D:10)
  Jeremiah (D:8)
  2 trolls
  4 wraiths
  10 yaks
  Menkaure (D:5)
  Edmund (D:4)
  7 orc warriors
  A sky beast (D:7)
  2 ogres
  2 wolves (D:8)
  A centaur (D:10)
  3 lemures
  2 kobold brigands
  Blork the orc (D:5)
  2 bullfrogs
  A scorpion (D:4)
  4 wights (D:7)
  3 jellies
  Crazy Yiuf (D:5)
  A bombardier beetle (D:5)
  2 hounds
  12 orc priests
  A gnoll bouda (D:10)
  Natasha (D:4)
  4 iguanas
  7 orc wizards
  5 gnolls (D:10)
  9 adders
  A white imp (D:7)
  2 ribbon worms (D:3)
  2 dart slugs
  22 orcs
  3 bats
  9 endoplasms
  8 goblins
  5 hobgoblins
  15 kobolds
  4 quokkas
  5 ball pythons
  3 frilled lizards
  5 rats
179 creatures vanquished.

Notes
Turn   | Place    | Note
-------+----------+-------------------------------------------
     0 | D:1      | jasper the Vampire Alchemist began the quest for the Orb.
     0 | D:1      | Reached XP level 1. HP: 13/13 MP: 3/3
   379 | D:1      | Reached XP level 2. HP: 19/19 MP: 1/5
   873 | D:1      | Found a faded altar of an unknown god.
  1280 | D:2      | Gained mutation: You are afflicted with vampirism and can
                  | become a bat while bloodless. [Vampire growth]
  1280 | D:2      | Reached XP level 3. HP: 24/24 MP: 2/6
  1284 | D:2      | Learned a level 3 spell: Mephitic Cloud
  1504 | D:2      | Reached skill level 5 in Alchemy
  1721 | D:2      | Reached XP level 4. HP: 30/30 MP: 2/7
  2307 | D:3      | Noticed an ogre
  2322 | D:3      | Killed an ogre
  2323 | D:3      | Reached XP level 5. HP: 35/35 MP: 0/8
  2480 | D:3      | Noticed Grinder
  2531 | D:3      | Found a shimmering blue altar of Sif Muna.
  2563 | D:3      | Found a snail-covered altar of Cheibriados.
  2567 | D:3      | Found a basalt altar of Yredelemnul.
  2574 | D:3      | Got Vehumet's Thoughts on Mutated Impulse
  2814 | D:3      | Learned a level 4 spell: Olgreb's Toxic Radiance
  3463 | D:4      | Found a sacrificial altar of Ru.
  3493 | D:4      | Noticed a lemure
  3500 | D:4      | Noticed a lemure
  3510 | D:4      | Reached XP level 6. HP: 27/41 MP: 5/9
  3628 | D:4      | Noticed Pikel
  3651 | D:4      | Killed Pikel
  3652 | D:4      | Reached XP level 7. HP: 35/46 MP: 0/10
  3884 | D:4      | Noticed Edmund
  3901 | D:4      | Killed Edmund
  3902 | D:4      | Reached skill level 10 in Alchemy
  3907 | D:4      | Learned a level 4 spell: Sticky Flame
  4054 | D:4      | Found a staircase to the Ecumenical Temple.
  4067 | Temple   | Entered the Ecumenical Temple
  4073 | Temple   | Became a worshipper of Vehumet
  4256 | D:4      | Noticed Natasha
  4262 | D:4      | Killed Natasha
  4519 | D:5      | Entered Level 5 of the Dungeon
  4916 | D:5      | Noticed Menkaure
  4933 | D:5      | Killed Menkaure
  4934 | D:5      | Reached XP level 8. HP: 41/41 MP: 8/14
  4938 | D:5      | Identified the +0 leather armour of the Cricket {*Slow
                  | Will+ MP+9}
  5004 | D:5      | Noticed Blork the orc
  5136 | D:5      | Killed Blork the orc
  5249 | D:5      | Found a runed translucent door.
  5250 | D:5      | Noticed Crazy Yiuf
  5424 | D:5      | Killed Crazy Yiuf
  5568 | D:6      | Reached skill level 5 in Spellcasting
  5594 | D:6      | Identified the ring "Qokesaoq" {rElec rF+ Int+6 Dex-2 SInv}
  5689 | D:6      | Learned a level 5 spell: Irradiate
  5701 | D:6      | Found a sand-covered staircase.
  5745 | D:6      | Reached skill level 1 in Fighting
  6107 | D:6      | Reached skill level 5 in Stealth
  6107 | D:6      | Noticed a green ugly thing
  6299 | D:7      | Reached * piety under Vehumet
  6299 | D:7      | Offered knowledge of Freeze by Vehumet.
  6341 | D:7      | Noticed Maggie
  6511 | D:7      | Reached XP level 9. HP: 49/49 MP: 6/16
  6736 | D:8      | Found a transporter.
  6755 | D:8      | Found a transporter.
  6763 | D:8      | Reached skill level 5 in Dodging
  6885 | D:8      | Noticed Erica
  6905 | D:8      | Killed Erica
  6906 | D:8      | Reached skill level 5 in Fighting
  7066 | D:8      | Noticed a kobold demonologist
  7086 | D:8      | Found a staircase to the Lair.
  7261 | D:8      | Noticed Jeremiah
  7269 | D:8      | Killed Jeremiah
  7270 | D:8      | Reached XP level 10. HP: 59/59 MP: 13/17
  7434 | D:8      | Reached ** piety under Vehumet
  7434 | D:8      | Offered knowledge of Kiss of Death by Vehumet.
  7435 | D:8      | Reached skill level 10 in Stealth
  7791 | D:9      | Noticed a deep elf pyromancer
  7801 | D:9      | Killed a deep elf pyromancer
  8066 | D:9      | Found a shimmering blue altar of Sif Muna.
  8100 | D:10     | Entered Level 10 of the Dungeon
  8326 | D:10     | Found a runed translucent door.
  8890 | D:10     | Found a staircase to the Orcish Mines.
  8947 | Orc:1    | Entered Level 1 of the Orcish Mines
  8957 | Orc:1    | Offered knowledge of Hailstorm by Vehumet.
  9136 | Orc:2    | Entered Level 2 of the Orcish Mines
  9140 | Orc:2    | Noticed an orc knight
  9150 | Orc:2    | HP: 1/64 [orc warrior/+0 mace of protection[an orc knight]
                  | (7)]
  9152 | Orc:2    | Demolished by an orc knight

Illustrated notes

Levels and vault maps discovered:
D:1:      dpeg_arrival_water_fire, layout_loops_ring,
          shapermc_ecumenical_altar_totnotflames
D:2:      layout_loops_ring
D:3:      layout_basic, mainiacjoe_overflow_surrounded_room,
          grunt_temple_overflow_open, minivault_4, uniq_grinder
D:4:      layout_loops_cross, mainiacjoe_overflow_alcove_2,
          minmay_temple_entry_trees, uniq_edmund, uniq_pikel, uniq_natasha
D:5:      layout_gridville, uniq_menkaure, uniq_crazy_yiuf_cottage,
          uniq_blork_the_orc
D:6:      layout_gridville, nicolae_ossuary_entry_false_entrances
D:7:      layout_layer_cave, serial_shops, nicolae_shop_getting_attention,
          uniq_prince_ribbit1, uniq_maggie
D:8:      gammafunk_wand_slinger, layout_cave_pools, erik_lair_orcish_takeover,
          minmay_misc_feat_pillars, minmay_orc_keep, uniq_erica, uniq_jeremiah
D:9:      layout_rooms, serial_library_hellmonk_narrow_alcove
D:10:     layout_stronghold, david_orc_2, minmay_st_funbox
Temple:   eino_narrow_crystal_temple
Orc:1:    layout_caves, basic_altar, uniq_urug, uniq_maurice
Orc:2:    grunt_orc_tribal_feast, layout_diamond_mine

Skill      XL: |  1  2  3  4  5  6  7  8  9 10 |
---------------+-------------------------------+-----
Alchemy        | 4 5 6 7 9 10 | 10.0
Spellcasting   | 4 5 |  5.3
Fighting       | 2 5 7 |  7.8
Stealth        | 6 9 10 | 10.0
Dodging        | 4 6 9 |  9.7
Conjurations   | |  0.6

Action                     |  1- 3 |  4- 6 |  7- 9 | 10-12 || total
---------------------------+-------+-------+-------+-------++-------
  Melee: Dagger            |    19 |    25 |    39 |    19 ||   102
         Bite              |       |     4 |    11 |     5 ||    20
         Punch             |       |       |     2 |     1 ||     3
         Scimitar          |       |       |       |     3 ||     3
   Cast: Sting             |    65 |    55 |    37 |    19 ||   176
         Mephitic Cloud    |       |     2 |     4 |     6 ||    12
         Olgreb's Toxic Ra |       |     4 |    34 |    21 ||    59
         Sticky Flame      |       |       |     9 |    16 ||    25
Ability: Exsanguinate      |       |       |     1 |       ||     1
  Evoke: Wand              |       |       |     3 |       ||     3
    Use: Scroll            |       |       |    12 |     4 ||    16
         Potion            |       |       |     1 |       ||     1
   Stab: Confused          |       |     2 |     1 |     1 ||     4
         Sleeping          |       |       |     3 |     3 ||     6
 Armour: Robe              |    11 |    23 |    21 |    40 ||    95
  Dodge: Dodged            |    15 |    17 |    31 |    58 ||   121
  Block: Other             |       |     7 |    10 |       ||    17
         Reflection        |       |     1 |     1 |       ||     2
